 Dungeon Crawl Stone Soup version 0.29-a0-243-g602b31c20e (webtiles) character file.

Game seed: 2637762308950504241

1044 spaghetti the Protected (level 8, -3/58 HPs)
             Began as a Gnoll Wanderer on Mar 4, 2022.
             Was a Believer of Zin.
             Killed by divine providence
             ... invoked by an orc priest
              (16 damage)
             ... on level 7 of the Dungeon.
             The game lasted 00:06:38 (3308 turns).

spaghetti the Protected (Gnoll Wanderer)            Turns: 3308, Time: 00:06:38

Health: -3/58      AC: 10    Str: 15    XL:     8   Next: 25%
Magic:  12/12      EV: 11    Int: 10    God:    Zin [**....]
Gold:   47         SH:  0    Dex: 12    Spells: 13/13 levels left

rFire   . . .      SeeInvis +   b - +0 hand axe {axe}
rCold   . . .      Faith    .   (no shield)
rNeg    . . .      Spirit   .   c - +0 ring mail
rPois   .          Reflect  .   m - +2 helmet {SInv}
rElec   .          Harm     .   (no cloak)
rCorr   .          Rampage  .   (no gloves)
Will    .....                   (no boots)
Stlth   +.........              (no amulet)
HPRegen 0.19/turn               (no ring)
MPRegen 0.13/turn               (no ring)

@: no status effects
A: fangs 1, strong nose, distributed training
a: Renounce Religion, Recite, Vitalisation, Donate Gold


You were on level 7 of the Dungeon.
You worshipped Zin.
Zin was pleased with you.
You visited 1 branch of the dungeon, and saw 5 of its levels.

You collected 212 gold pieces.
You spent 144 gold pieces at shops.
You donated 21 gold pieces to Zin.


Innate Abilities, Weirdness & Mutations

You have very sharp teeth.
Your uncanny sense of smell can sniff out nearby items.
Your experience applies equally to all skills.


   Skills:
 + Level 3.1 Fighting
 + Level 3.1 Short Blades
 + Level 3.1 Long Blades
 + Level 5.6 Axes
 + Level 3.1 Maces & Flails
 + Level 3.1 Polearms
 + Level 3.1 Staves
 + Level 3.1 Slings
 + Level 5.6 Bows
 + Level 3.1 Crossbows
 + Level 4.1 Throwing
 + Level 9.1 Armour
 + Level 3.1 Dodging
 + Level 3.1 Stealth
 + Level 3.1 Shields
 + Level 3.1 Unarmed Combat
 + Level 3.1 Spellcasting
 + Level 2.5 Conjurations
 + Level 2.5 Hexes
 + Level 2.5 Summonings
 + Level 2.5 Necromancy
 + Level 2.5 Translocations
 + Level 2.5 Transmutations
 + Level 2.5 Fire Magic
 + Level 2.5 Ice Magic
 + Level 2.5 Air Magic
 + Level 2.5 Earth Magic
 + Level 2.5 Poison Magic
 + Level 3.4 Invocations
 + Level 4.1 Evocations


You had 13 spell levels left.
You didn't know any spells.
Your spell library contained the following spells:

 Spells                   Type           Power      Damage    Failure   Level
 Beastly Appendage        Tmut           12%        N/A       17%         1
 Magic Dart               Conj           24%        1d4       17%         1
 Call Imp                 Summ           6%         N/A       26%         2
 Wereblood                Tmut           6%         N/A       26%         2
 Mephitic Cloud           Conj/Pois/Air  6%         N/A       45%         3
 Spider Form              Tmut/Pois      6%         N/A       45%         3
 Tukima's Dance           Hex            6%         N/A       45%         3
 Passage of Golubria      Tloc           6%         N/A       86%         4
 Yara's Violent Unravell  Hex/Tmut       3%         3d4       99%         5

Inventory:

Hand Weapons
 a - a +5 shortbow {bow}
 b - a +0 hand axe (weapon) {axe}
 f - a +4 dagger {short}
   (You took it off a goblin on level 1 of the Dungeon)
 l - the +6 quarterstaff of Gari Bobb {drain, Contam rPois rC++ Dex+3, forbiddenstaff}
   (You bought it in a shop on level 6 of the Dungeon)

   A truly terrible weapon, it drains the life of any living foe it strikes.
   Dex:       It affects your dexterity (+3).
   rC:        It greatly protects you from cold.
   rPois:     It protects you from poison.
   Contam:    It causes magical contamination when unequipped.
   Zin disapproves of the use of such an item.
Missiles
 h - 125 stones {throwing}
 i - 15 poisoned darts {throwing}
 n - a curare-tipped dart {=fthrowing}
Armour
 c - a +0 ring mail (worn)
 j - a +1 helmet
   (You found it on level 1 of the Dungeon)
 m - a +2 helmet of see invisible (worn)
   (You found it on level 2 of the Dungeon)
Jewellery
 k - a ring of ice
   (You found it on level 1 of the Dungeon)
 p - a +4 ring of protection
   (You found it on level 6 of the Dungeon)
Scrolls
 e - 5 scrolls of identify {@r1}
 o - a scroll of fear
Potions
 d - a potion of haste {@q3}
 g - 5 potions of curing {@q1}
 q - a potion of flight
 r - a potion of might

Dungeon Overview and Level Annotations

Branches:
Dungeon (7/15)
 Temple: D:4-7

Altars:
Zin

Shops:
D:6

* .#.. ..# #<.. ∆ #..#
...... ##...######..##
.......
#........##...##....#..
. .............#......#
.# #...###.............
.. #...#...............
.. #............o......
..###...##......@o......
...#..........##.F..#.).
..#...........#.....#
.............>###...#
................##.#..
...................##..
................# .# $..
..............#.. .# ..
.#.........<.#


You could see a bullfrog, an orc priest and an orc wizard (invisible).


Message History

The orc priest calls down the wrath of Beogh upon you.
Pain shoots through your body!
A bullfrog comes into view.
The orc wizard points at you and mumbles some strange words.
The puff of flame hits you!
You are too injured to fight recklessly!
You are too injured to fight recklessly!
You are too injured to fight recklessly!
You are too injured to fight recklessly!
You are too injured to fight recklessly!
You are too injured to fight recklessly!
You are too injured to fight recklessly!
You are too injured to fight recklessly!
You are too injured to fight recklessly! 😮 HP[-26]
You take 26 damage, and now have 32/58 hp.
MASSIVE DAMAGE!! (PAUSE)
You are too injured to fight recklessly!
You are too injured to fight recklessly!
Shoot: a) +5 shortbow {bow}
Press: ? - help, Q - select action, (/) - cycle Shift-Dir - straight line, f - orc wizard
Aim: an orc wizard, wielding a +0 dagger and wearing a +0 robe (60% to hit)
You shoot an arrow. The bullfrog croaks.
The arrow hits the orc wizard.
The orc priest calls upon Beogh to heal the orc wizard.
The orc wizard's wounds heal themselves! 😮 HP[+1] Shoot: a) +5 shortbow {bow}
Press: ? - help, Q - select action, (/) - cycle Shift-Dir - straight line, f/p - orc wizard
Aim: an orc wizard, wielding a +0 dagger and wearing a +0 robe (60% to hit)
You shoot an arrow. The arrow hits the orc wizard.
Shoot: a) +5 shortbow {bow}
Press: ? - help, Q - select action, (/) - cycle Shift-Dir - straight line, f/p - orc wizard
Aim: an orc wizard, wielding a +0 dagger and wearing a +0 robe (moderately wounded, 60% to hit)
You shoot an arrow. The arrow barely misses the orc wizard.
The orc wizard casts a spell at you. You resist with some effort.
The orc priest hits you with a +0 flail. 😮 HP[-2]
You take 2 damage, and now have 31/58 hp.
Shoot: a) +5 shortbow {bow}
Press: ? - help, Q - select action, (/) - cycle Shift-Dir - straight line, f/p - orc wizard
Aim: an orc wizard, wielding a +0 dagger and wearing a +0 robe (moderately wounded, 60% to hit)
You shoot an arrow. The arrow hits the orc wizard.
The bullfrog closely misses you.
The orc wizard hits you but does no damage.
The orc priest hits you with a +0 flail.
* * * LOW HITPOINT WARNING * * *
The bullfrog closely misses you.
The orc wizard hits you but does no damage.
The orc priest closely misses you. 😨 HP[-5]
You take 5 damage, and now have 26/58 hp.
Unknown command.
b - a +0 hand axe (weapon)
{axe} The bullfrog barely misses you. 😨 HP[+1]
You are too injured to fight recklessly!
You barely miss the orc priest. You hit the bullfrog.
You closely miss the orc wizard. The bullfrog hits you.
* * * LOW HITPOINT WARNING * * *
The orc wizard hits you but does no damage.
The orc priest closely misses you. 😨 HP[-2]
You take 2 damage, and now have 25/58 hp.
You closely miss the orc priest. You barely miss the bullfrog.
You miss the orc wizard.
The bullfrog hits you but does no damage.
The orc wizard hits you but does no damage.
The orc priest begins to cast a cantrip, but forgets the words!
The bullfrog hits you but does no damage.
You closely miss the orc priest. You bite the orc priest.
You hit the orc wizard. You closely miss the bullfrog.
The bullfrog hits you but does no damage.
The orc wizard hits you but does no damage.
The orc priest closely misses you.
The bullfrog hits you but does no damage.
You hit the orc priest. Your bite misses the orc priest. You hit the bullfrog.
You barely miss the orc wizard. The orc wizard barely misses you.
The orc priest closely misses you. The bullfrog barely misses you.
You barely miss the orc priest. Your punch misses the orc priest.
You barely miss the bullfrog.
You hit the orc wizard but do no damage.
The bullfrog hits you.
* * * LOW HITPOINT WARNING * * *
The orc wizard mumbles some strange words.
The orc wizard flickers and vanishes for a moment.
The orc priest hits you but does no damage.
The bullfrog hits you.
* * * LOW HITPOINT WARNING * * *
😨 HP[-9]
You take 9 damage, and now have 16/58 hp.
You barely miss the orc priest. You hit the orc wizard. You hit the bullfrog.
The orc wizard gestures at you while chanting.
The magic dart hits you.
* * * LOW HITPOINT WARNING * * *
The orc priest mumbles some strange prayers to Beogh against you.
Beogh smites you!
You die...

Skill      XL: |  1  2  3  4  5  6  7  8 |
---------------+-------------------------+-----
Invocations    | 1 2 3 |  3.4
Fighting       | 1 2 3 |  3.1
Short Blades   | 1 2 3 |  3.1
Long Blades    | 1 2 3 |  3.1
Maces & Flails | 1 2 3 |  3.1
Polearms       | 1 2 3 |  3.1
Staves         | 1 2 3 |  3.1
Slings         | 1 2 3 |  3.1
Crossbows      | 1 2 3 |  3.1
Dodging        | 1 2 3 |  3.1
Stealth        | 1 2 3 |  3.1
Shields        | 1 2 3 |  3.1
Unarmed Combat | 1 2 3 |  3.1
Spellcasting   | 1 2 3 |  3.1
Conjurations   | 1 2 |  2.5
Hexes          | 1 2 |  2.5
Summonings     | 1 2 |  2.5
Necromancy     | 1 2 |  2.5
Translocations | 1 2 |  2.5
Transmutations | 1 2 |  2.5
Fire Magic     | 1 2 |  2.5
Ice Magic      | 1 2 |  2.5
Air Magic      | 1 2 |  2.5
Earth Magic    | 1 2 |  2.5
Poison Magic   | 1 2 |  2.5
Throwing       | 3 4 |  4.1
Evocations     | 3 4 |  4.1
Axes           | 5 |  5.6
Bows           | 5 |  5.6
Armour         | 9 |  9.1

Action                   |  1- 3 |  4- 6 |  7- 9 || total
-------------------------+-------+-------+-------++-------
Melee: Hand axe          |     6 |     2 |     6 ||    14
       Bite              |     1 |       |     1 ||     2
 Fire: Shortbow          |    71 |   125 |    50 ||   246
Invok: Recite            |       |     4 |       ||     4
       Vitalisation      |       |     3 |       ||     3
  Use: Scroll            |     4 |     7 |     2 ||    13
       Potion            |       |     3 |     1 ||     4
Armor: Ring mail         |    20 |    27 |    23 ||    70
Dodge: Dodged            |    15 |    47 |    20 ||    82

Levels and vault maps discovered:
D:1:      scummos_arrival_forest, layout_rooms
D:2:      layout_basic, chequers_ecumenical_altar_twisty
D:3:      layout_basic, serial_corexii_hall, corexii_hall_statues_x,
          corexii_hall_statues_i, chequers_hall_statues_wall_a,
          corexii_hall_statues_i, corexii_hall_statues_deadend,
          corexii_hall_statues_l
D:6:      minmay_spotlight, layout_loops_ring, serial_shops,
          nicolae_shop_crystal, uniq_grinder
D:7:      layout_cave_pools, minmay_microvault

Notes
Turn   | Place    | Note
-------+----------+-------------------------------------------
     0 | D:1      | spaghetti the Gnoll Wanderer began the quest for the Orb.
     0 | D:1      | spaghetti set off with the following items: a +2 shortbow
                  | {bow}, a +0 hand axe {axe}, a +0 ring mail
     0 | D:1      | Reached XP level 1. HP: 13/13 MP: 1/1
     0 | D:1      | magus.rc [v1.9.6]
    94 | D:1      | Reached XP level 2. HP: 19/19 MP: 2/2
   296 | D:1      | You pick up a book of Minor Magic and begin reading...
   296 | D:1      | You add the spells Magic Dart, Call Imp and Mephitic Cloud
                  | to your library.
   454 | D:1      | Reached XP level 3. HP: 25/25 MP: 3/3
   669 | D:2      | Reached skill level 1 in Invocations
   677 | D:2      | Reached skill level 1 in Fighting
   677 | D:2      | Reached skill level 1 in Short Blades
   677 | D:2      | Reached skill level 1 in Long Blades
   677 | D:2      | Reached skill level 1 in Maces & Flails
   677 | D:2      | Reached skill level 1 in Polearms
   677 | D:2      | Reached skill level 1 in Staves
   677 | D:2      | Reached skill level 1 in Slings
   677 | D:2      | Reached skill level 1 in Crossbows
   677 | D:2      | Reached skill level 1 in Dodging
   677 | D:2      | Reached skill level 1 in Stealth
   677 | D:2      | Reached skill level 1 in Shields
   677 | D:2      | Reached skill level 1 in Unarmed Combat
   677 | D:2      | Reached skill level 1 in Spellcasting
   680 | D:2      | Reached XP level 4. HP: 8/32 MP: 5/5
   691 | D:2      | HP: 8/32 [worm (1)]
  1077 | D:2      | Found a faded altar of an unknown god.
  1217 | D:2      | Prayed at the altar of an unknown god.
  1217 | D:2      | Became a worshipper of Zin the Law-Giver
  1217 | D:2      | Reached * piety under Zin
  1388 | D:2      | You pick up a book of Changes {forbidden} and begin
                  | reading...
  1388 | D:2      | You add the spells Beastly Appendage, Wereblood and Spider
                  | Form to your library.
  1488 | D:3      | You add the spells Tukima's Dance, Passage of Golubria and
                  | Yara's Violent Unravelling to your library.
  1517 | D:3      | Reached skill level 1 in Conjurations
  1517 | D:3      | Reached skill level 1 in Hexes
  1517 | D:3      | Reached skill level 1 in Summonings
  1517 | D:3      | Reached skill level 1 in Necromancy
  1517 | D:3      | Reached skill level 1 in Translocations
  1517 | D:3      | Reached skill level 1 in Transmutations
  1517 | D:3      | Reached skill level 1 in Fire Magic
  1517 | D:3      | Reached skill level 1 in Ice Magic
  1517 | D:3      | Reached skill level 1 in Air Magic
  1517 | D:3      | Reached skill level 1 in Earth Magic
  1517 | D:3      | Reached skill level 1 in Poison Magic
  1803 | D:3      | Reached ** piety under Zin
  1910 | D:3      | You fall into a shaft and drop 3 floors!
  1916 | D:6      | Noticed a kobold brigand
  1927 | D:6      | Killed a kobold brigand
  1928 | D:6      | Reached skill level 3 in Throwing
  1928 | D:6      | Reached skill level 3 in Evocations
  1928 | D:6      | Reached XP level 5. HP: 23/37 MP: 4/7
  2130 | D:6      | Noticed an ice beast
  2139 | D:6      | Killed an ice beast
  2140 | D:6      | Reached skill level 2 in Invocations
  2140 | D:6      | Reached XP level 6. HP: 44/44 MP: 8/8
  2301 | D:6      | Reached *** piety under Zin
  2322 | D:6      | Reached skill level 2 in Fighting
  2322 | D:6      | Reached skill level 2 in Short Blades
  2322 | D:6      | Reached skill level 2 in Long Blades
  2322 | D:6      | Reached skill level 5 in Axes
  2322 | D:6      | Reached skill level 2 in Maces & Flails
  2322 | D:6      | Reached skill level 2 in Polearms
  2322 | D:6      | Reached skill level 2 in Staves
  2322 | D:6      | Reached skill level 2 in Slings
  2322 | D:6      | Reached skill level 5 in Bows
  2322 | D:6      | Reached skill level 2 in Crossbows
  2322 | D:6      | Reached skill level 2 in Dodging
  2322 | D:6      | Reached skill level 2 in Stealth
  2322 | D:6      | Reached skill level 2 in Shields
  2322 | D:6      | Reached skill level 2 in Unarmed Combat
  2322 | D:6      | Reached skill level 2 in Spellcasting
  2336 | D:6      | Noticed Grinder
  2340 | D:6      | Paralysed by Grinder for 6 turns
  2349 | D:6      | Noticed a wraith
  2386 | D:6      | Killed a wraith
  2387 | D:6      | Reached XP level 7. HP: 14/50 MP: 7/10
  2391 | D:6      | Killed Grinder
  2392 | D:6      | Reached skill level 2 in Conjurations
  2392 | D:6      | Reached skill level 2 in Hexes
  2392 | D:6      | Reached skill level 2 in Summonings
  2392 | D:6      | Reached skill level 2 in Necromancy
  2392 | D:6      | Reached skill level 2 in Translocations
  2392 | D:6      | Reached skill level 2 in Transmutations
  2392 | D:6      | Reached skill level 2 in Fire Magic
  2392 | D:6      | Reached skill level 2 in Ice Magic
  2392 | D:6      | Reached skill level 2 in Air Magic
  2392 | D:6      | Reached skill level 2 in Earth Magic
  2392 | D:6      | Reached skill level 2 in Poison Magic
  2634 | D:6      | Reached skill level 9 in Armour
  2724 | D:6      | Reached skill level 3 in Invocations
  3032 | D:6      | Found Ralleras's Assorted Antiques.
  3038 | D:6      | Bought a scorched quarterstaff for 144 gold pieces
  3038 | D:6      | Identified the +6 quarterstaff of Gari Bobb {drain, Contam
                  | rPois rC++ Dex+3} (You bought it in a shop on level 6 of
                  | the Dungeon)
  3144 | D:7      | Reached XP level 8. HP: 57/57 MP: 12/12
  3163 | D:7      | Reached skill level 3 in Fighting
  3163 | D:7      | Reached skill level 3 in Short Blades
  3163 | D:7      | Reached skill level 3 in Long Blades
  3163 | D:7      | Reached skill level 3 in Maces & Flails
  3163 | D:7      | Reached skill level 3 in Polearms
  3163 | D:7      | Reached skill level 3 in Staves
  3163 | D:7      | Reached skill level 3 in Slings
  3163 | D:7      | Reached skill level 3 in Crossbows
  3163 | D:7      | Reached skill level 4 in Throwing
  3163 | D:7      | Reached skill level 3 in Dodging
  3163 | D:7      | Reached skill level 3 in Stealth
  3163 | D:7      | Reached skill level 3 in Shields
  3163 | D:7      | Reached skill level 3 in Unarmed Combat
  3163 | D:7      | Reached skill level 3 in Spellcasting
  3163 | D:7      | Reached skill level 4 in Evocations
  3308 | D:7      | HP: 13/58 [orc wizard/magic dart (4)]
  3308 | D:7      | Killed from afar by an orc priest

Vanquished Creatures
  Grinder (D:6)
  A wraith (D:6)
  A water moccasin (D:7)
  A sky beast (D:7)
  2 ice beasts (D:6)
  A kobold brigand (D:6)
  A jelly (D:6)
  A hound (D:6)
  An iguana (D:6)
  9 adders
  2 white imps
  3 worms
  6 orcs
  5 endoplasms
  9 goblins
  A hobgoblin (D:3)
  A quokka (D:1)
  4 ball pythons
  8 bats
  2 frilled lizards
  9 kobolds
  6 rats
75 creatures vanquished.

Table legend:
 A = Non-vault XP
 B = Vault XP
 C = Vault XP percentage of total XP
 D = Non-vault monster count
 E = Vault monster count
 F = Vault count percentage of total count
                 A         B        C        D         E       F
            +---------+---------+-------+---------+---------+-------
      Total |    1099 |     393 |  26.3 |      71 |       4 |   5.3
            +---------+---------+-------+---------+---------+-------
        D:1 |      34 |       0 |   0.0 |      23 |       0 |   0.0
        D:2 |      70 |       0 |   0.0 |      19 |       0 |   0.0
        D:3 |      58 |       0 |   0.0 |      12 |       0 |   0.0
        D:6 |     642 |     393 |  38.0 |      12 |       4 |  25.0
        D:7 |     295 |       0 |   0.0 |       5 |       0 |   0.0
            +---------+---------+-------+---------+---------+-------

Illustrated notes

Table legend:
 A = Kills in this place as a percentage of kills in entire the game.
 B = Kills by you in this place as a percentage of kills by you in the entire game.
 C = Kills by friends in this place as a percentage of kills by friends in the entire game.
 D = Other kills in this place as a percentage of other kills in the entire game.
 E = Experience gained in this place as a percentage of experience gained in the entire game.
 F = Experience gained in this place divided by the number of levels of this place that you have seen.
                   A       B       C       D       E      F
               +-------+-------+-------+-------+-------+----------------------
         Total | 100.0 | 100.0 |   N/A |   N/A | 100.0 | 298.4
       Dungeon | 100.0 | 100.0 |   N/A |   N/A | 100.0 | 298.4
               +-------+-------+-------+-------+-------+----------------------

Table legend: (Time is in decaauts)
 A = Elapsed time spent in this place.
 B = Non-inter-level travel time spent in this place.
 C = Inter-level travel time spent in this place.
 D = Time resting spent in this place.
 E = Time spent auto-exploring this place.
 F = Levels seen in this place.
 G = Mean time per level.
                   A        B        C        D        E       F      G
               +--------+--------+--------+--------+--------+-----+--------+
         Total |   3405 |   3343 |     62 |    254 |   2535 |   5 |  681.0 |
       Dungeon |   3405 |   3343 |     62 |    254 |   2535 |   5 |  681.0 |
               +--------+--------+--------+--------+--------+-----+--------+

Top non-repeatable levels by time:
     D:6: 1260 daAuts
     D:2: 924 daAuts
     D:1: 580 daAuts
     D:3: 451 daAuts
     D:7: 189 daAuts
